 Dungeon Crawl Stone Soup version 0.21.0-24-g2553a3340b (webtiles) character file.

74379 zetsub0u the Severer (level 15, 0/207 HPs)
             Began as a Hill Orc Fighter on Jan 21, 2018.
             Was a High Priest of Trog.
             Succumbed to a tengu reaver's poison gas
             ... on level 1 of the Depths.
             The game lasted 01:33:55 (17473 turns).

zetsub0u the Severer (Hill Orc Fighter)            Turns: 17473, Time: 01:33:56

Health: 0/207      AC: 11    Str: 34      XL:     15   Next: 46%
Magic:  2/16       EV: 14    Int:  7 (8)  God:    Trog [*****.]
Gold:   1197       SH: 21    Dex:  8      Spells: 14/14 levels left

rFire    . . .     SeeInvis .   M - +4 war axe (flame)
rCold    . . .     Gourm    .   N - +0 large shield
rNeg     . . .     Faith    .   B - +4 ring mail of the Dragon {MR+ Str+3}
rPois    .         Spirit   +   x - +0 helmet
rElec    .         Reflect  .   (no cloak)
rCorr    .         Harm     .   (no gloves)
MR       ++...     Rnd*Rage +   t - +1 pair of boots
Stlth    ..........             I - amulet of guardian spirit
HPRegen  0.84/turn              D - +1 ring of protection
MPRegen  0.15/turn              p - +3 ring of evasion

@: berserking, lethally poisoned (0 -> -191), corroded, drained, very quick
A: thin metallic scales 1, berserk 1, clumsy 1, deformed body, deterioration 1,
regeneration 1
a: Berserk, Trog's Hand, Brothers in Arms, Burn Spellbooks, Renounce Religion


You were on level 1 of the Depths.
You worshipped Trog.
Trog was extremely pleased with you.
You were not hungry.

You visited 2 branches of the dungeon, and saw 16 of its levels.
You also visited: Ossuary and Bailey.

You collected 1329 gold pieces.
You spent 132 gold pieces at shops.

Inventory:

Hand Weapons
 f - a +1 war axe of electrocution
 C - a +0 war axe of freezing
 E - a +2 morningstar of draining
 L - a +3 demon trident of electrocution
 M - a +4 war axe of flaming (weapon)
Armour
 c - a +3 shield
 t - a +1 pair of boots (worn)
 x - a +0 helmet (worn)
 y - a +0 plate armour
 z - a +1 troll leather armour {Snorg}
 B - the +4 ring mail of the Dragon (worn) {MR+ Str+3}
   (You found it on level 10 of the Dungeon)

   It affects your strength (+3).
   It affects your resistance to hostile enchantments.
 N - a +0 large shield (worn)
Jewellery
 g - an uncursed ring of ice
 o - an uncursed ring of resist corrosion
 p - a +3 ring of evasion (right hand)
 D - a +1 ring of protection (left hand)
 I - an amulet of guardian spirit (around neck)
Wands
 a - a wand of polymorph (28)
 v - a wand of iceblast (18)
 G - a wand of paralysis (8)
 H - a wand of random effects (27)
 K - a wand of flame (61)
Scrolls
 i - 5 scrolls of teleportation
 k - 5 scrolls of remove curse
 r - 6 scrolls of fog
 s - 3 scrolls of blinking
 O - 2 scrolls of fear
Potions
 b - 3 potions of invisibility
 d - 5 potions of might
 e - 4 potions of magic
 h - 6 potions of flight
 j - 3 potions of haste
 l - a potion of agility
 m - 4 potions of brilliance
 n - 7 potions of heal wounds
 A - 9 potions of curing
 F - a potion of berserk rage
Miscellaneous
 J - a fan of gales
Comestibles
 q - 4 rations


   Skills:
 + Level 14.0(13.5) Fighting
 + Level 18.4(17.8) Axes
 + Level 2.3(2.0) Throwing
 + Level 11.1(10.6) Armour
 + Level 7.1(6.7) Dodging
 + Level 3.7(3.3) Stealth
 + Level 14.0(13.5) Shields
 + Level 2.5(2.2) Unarmed Combat
 + Level 2.4(2.0) Evocations


You had 14 spell levels left.
You didn't know any spells.

Dungeon Overview and Level Annotations

Branches:
Dungeon (15/15)            Temple (0/1) D:5            Lair (0/6) D:8
    Orc (0/2) D:11         Vaults (0/5) D:14         Depths (1/5) D:15

Altars:
Cheibriados
Okawaru
Sif Muna
Trog
Uskayaw
Vehumet
Wu Jian
Yredelemnul
Zin
The Shining One

Shops:
D:5 *   D:11 [   D:12 :

Portals:
Hell: Depths:1

Annotations:
D:14 exclusion: Roxanne, Roxanne


Innate Abilities, Weirdness & Mutations

You are partially covered in thin metallic scales. (AC +2)
You tend to lose your temper in combat.
You are clumsy. (Dex -2)
Armour fits poorly on your strangely shaped body.
Your body sometimes deteriorates upon taking damage.
Your natural rate of healing is unusually fast.


Message History

You barely miss the tengu reaver.
The tengu reaver is moderately wounded.
You are engulfed in poison gas.
You are more poisoned.
* * * LOW HITPOINT WARNING * * *
x2 You feel very sick.
The tengu reaver is engulfed in poison gas.
The tengu reaver looks as sick as possible!
The tengu reaver hits you with a great mace of draining!
* * * LOW HITPOINT WARNING * * *
You feel drained.
* * * LOW HITPOINT WARNING * * *
You block the tengu reaver's attack. x2
You slice the tengu reaver!! You burn the tengu reaver.
The tengu reaver is almost dead.
You catch the helpless battlesphere completely off-guard!
You slash the battlesphere!
You are engulfed in poison gas.
You are more poisoned.
* * * LOW HITPOINT WARNING * * *
You die...

P≈≈.......................#,*#...
.♣♣..P≈≈≈≈≈≈≈≈≈≈≈P≈≈≈≈≈..........
......≈♣≈P≈≈♣♣♣♣≈≈≈P≈≈≈..........
.......≈♣♣♣♣P♣♣♣≈≈≈≈≈≈...........
........♣≈♣.....♣≈P≈♣............
....#.....≈......................
#####.###############............
,,**###**....§.Q....#####........
,***,,,,,......*@§.....8####,....
**,,,,,,,../...§........#..###...
,,,,,,,,,.#########.....#....##..
,,,,,,,####^......###..##.....#..
,,,,,###...............#.........
,,,,,#....)...8[.......#.........
,,,,,#........)......###.........
,,,,##..###.......####........#..
,,,,#.....#########........[.##..


You could see a tengu reaver and a battlesphere.

Vanquished Creatures
  2 liches (Depths:1)
  2 fire giants
  Louise (D:15)
  4 stone giants (Depths:1)
  4 very ugly things
  A merfolk impaler (Depths:1)
  Josephine (D:11)
  A yaktaur captain (D:13)
  Harold (D:11)
  A great orb of eyes (Depths:1)
  3 rakshasas (Depths:1)
  3 hydras
  A catoblepas (D:13)
  3 centaur warriors
  A death knight (D:12)
  5 two-headed ogres
  A tengu warrior (Depths:1)
  Urug (D:13)
  2 ogre magi (Depths:1)
  A two-headed ogre (shapeshifter) (D:12)
  A skeletal warrior (D:12)
  2 wizards (D:14)
  3 unseen horrors
  A phantasmal warrior (D:12)
  A wolf spider zombie (D:11)
  The ghost of UranusSolar the Skirmisher, a novice DsGl of Yredelemnul (D:6)
  A necromancer (Depths:1)
  6 ugly things
  6 cyclopes
  A manticore (D:13)
  2 gargoyles
  3 centaur skeletons
  An efreet (D:13)
  3 komodo dragons
  A tengu conjurer (Depths:1)
  6 meliai (D:13)
  A troll (D:14)
  12 slime creatures
  5 hippogriffs
  2 dream sheep (D:9)
  A centaur simulacrum (D:12)
  A spriggan (shapeshifter) (D:15)
  4 water elementals (Depths:1)
  2 shadows
  A vampire (D:14)
  18 yaks
  6 wraiths
  A wyvern (D:8)
  3 hungry ghosts
  10 vampire mosquitoes
  Edmund (D:6)
  2 soldier ants
  An acid dragon (D:13)
  A water moccasin (D:10)
  Duvessa (D:7)
  7 orc warriors
  3 sky beasts
  A black bear (D:6)
  An eye of draining (D:8)
  2 phantoms
  11 ogres
  A centaur (shapeshifter) (Depths:1)
  5 centaurs
  A crocodile (D:8)
  6 big kobolds
  2 elf zombies (Ossuary)
  9 bullfrogs
  Dowan (D:7)
  6 scorpions
  8 wights
  4 howler monkeys
  8 crimson imps
  6 centaur zombies
  6 jellies
  A quasit (D:12)
  A bullfrog zombie (D:9)
  8 hounds
  6 bullfrog skeletons
  6 orc priests
  A human zombie (Ossuary)
  11 orc wizards
  4 iguanas
  11 worker ants
  2 hound skeletons
  2 mummies (Ossuary)
  14 gnolls
  16 adders
  A shadow imp (D:5)
  2 oozes
  2 adder zombies
  An adder skeleton (D:4)
  3 worms
  2 dart slugs
  8 leopard geckos
  32 orcs
  5 giant cockroaches
  2 gnoll zombies (D:3)
  4 goblins
  11 hobgoblins
  5 jackals
  29 kobolds
  6 quokkas
  3 bats
  2 frilled lizards
  9 hobgoblin zombies (Ossuary)
  4 jackal zombies (Ossuary)
  11 kobold zombies (Ossuary)
  A leopard gecko skeleton (D:4)
  8 orc zombies (Ossuary)
  A quokka zombie (D:7)
  8 rats
  A rat zombie (Ossuary)
  A plant (Depths:1)
484 creatures vanquished.

Vanquished Creatures (collateral kills)
  Snorg (D:11)
  A hydra (D:14)
  A two-headed ogre (D:14)
  An ugly thing (D:11)
  A kobold demonologist (D:11)
  A hungry ghost (D:12)
  2 vampire mosquitoes (D:12)
  An orc warrior (D:11)
  A bullfrog (D:11)
  A gnoll sergeant (D:9)
  A wight (D:9)
  An orc priest (D:11)
  A bullfrog skeleton (D:11)
  An orc wizard (D:11)
  7 gnolls
  An adder (D:12)
  An orc (D:11)
  6 hobgoblins (Bailey)
  A quokka (D:11)
  4 kobolds (Bailey)
35 creatures vanquished.

Vanquished Creatures (others)
  3 plants (Depths:1)
3 creatures vanquished.

Grand Total: 522 creatures vanquished

Notes
Turn   | Place    | Note
-------+----------+-------------------------------------------
     0 | D:1      | zetsub0u the Hill Orc Fighter began the quest for the Orb.
     0 | D:1      | Reached XP level 1. HP: 19/19 MP: 1/1
   232 | D:1      | Reached XP level 2. HP: 22/27 MP: 2/2
   531 | D:1      | Reached skill level 3 in Axes
   638 | D:1      | Reached XP level 3. HP: 25/33 MP: 3/3
  1268 | D:2      | Reached XP level 4. HP: 41/41 MP: 4/4
  1375 | D:2      | Found a bloodstained altar of Trog.
  1403 | D:2      | Became a worshipper of Trog the Wrathful
  2200 | D:3      | Reached XP level 5. HP: 24/47 MP: 5/5
  2205 | D:3      | Reached * piety under Trog
  2205 | D:3      | Reached skill level 4 in Axes
  2755 | D:3      | Found a glowing silver altar of Zin.
  2886 | D:3      | Found a hide-covered altar of Uskayaw.
  2886 | D:3      | Found a radiant altar of Vehumet.
  3025 | D:3      | Noticed an ogre
  3027 | D:3      | Killed an ogre
  3027 | D:3      | Reached skill level 5 in Axes
  3027 | D:3      | Reached XP level 6. HP: 53/53 MP: 6/6
  3145 | D:3      | Found a basalt altar of Yredelemnul.
  3401 | D:4      | Found a sand-covered staircase.
  3469 | D:4      | Reached ** piety under Trog
  3469 | D:4      | Reached skill level 6 in Axes
  3520 | D:4      | Reached XP level 7. HP: 49/60 MP: 7/7
  3522 | D:4      | Reached skill level 5 in Armour
  3522 | D:4      | Reached skill level 5 in Shields
  3673 | D:4      | Gained mutation: You are robust. (+10% HP) [potion of mutation]
  3673 | D:4      | Gained mutation: Your body sometimes deteriorates upon taking damage. [potion of mutation]
  3673 | D:4      | Gained mutation: You are partially covered in thin metallic scales. (AC +2) [potion of mutation]
  3673 | D:4      | Gained mutation: Your natural rate of healing is unusually fast. [potion of mutation]
  3887 | D:4      | Found a snail-covered altar of Cheibriados.
  3973 | D:4      | Reached skill level 7 in Axes
  4118 | Ossuary  | Entered an ossuary
  4247 | Ossuary  | Reached skill level 5 in Fighting
  4252 | Ossuary  | Reached skill level 8 in Axes
  4252 | Ossuary  | Reached skill level 1 in Dodging
  4252 | Ossuary  | Reached XP level 8. HP: 50/74 MP: 8/8
  4473 | D:5      | Entered Level 5 of the Dungeon
  4783 | D:5      | Reached *** piety under Trog
  4799 | D:5      | Found a staircase to the Ecumenical Temple.
  5053 | D:5      | Reached skill level 9 in Axes
  5089 | D:5      | Found Xeytwim's Assorted Antiques.
  5101 | D:5      | Bought a scroll of identify for 66 gold pieces
  5101 | D:5      | Bought a scroll labeled WOPLES MEOCU for 33 gold pieces
  5101 | D:5      | Bought a scroll labeled JILICI MAOLUSE for 33 gold pieces
  5400 | D:6      | Noticed UranusSolar's ghost (novice DsGl)
  5414 | D:6      | Killed UranusSolar's ghost
  5414 | D:6      | Reached skill level 10 in Axes
  5414 | D:6      | Reached XP level 9. HP: 74/84 MP: 9/9
  5450 | D:6      | Noticed Edmund
  5466 | D:6      | Killed Edmund
  5826 | D:7      | Reached skill level 11 in Axes
  6447 | D:7      | Noticed Dowan
  6450 | D:7      | Noticed Duvessa
  6458 | D:7      | Killed Duvessa
  6460 | D:7      | Killed Dowan
  6974 | D:8      | Reached skill level 12 in Axes
  6974 | D:8      | Reached XP level 10. HP: 65/94 MP: 10/10
  7054 | D:8      | Reached **** piety under Trog
  7116 | D:8      | Found a staircase to the Lair.
  7439 | D:8      | Found a deep blue altar of Sif Muna.
  8025 | D:8      | Found a glowing golden altar of the Shining One.
  8025 | D:8      | Found an iron altar of Okawaru.
  8310 | D:9      | Found an ornate altar of the Wu Jian Council.
  8450 | D:9      | Reached skill level 13 in Axes
  8633 | D:9      | Found a flagged portal.
  8650 | Bailey   | Entered a bailey
  9371 | D:9      | Reached XP level 11. HP: 106/106 MP: 11/11
  9404 | D:9      | Noticed a three-headed hydra
  9412 | D:9      | Killed a one-headed hydra
  9636 | D:10     | Entered Level 10 of the Dungeon
  9683 | D:10     | Reached skill level 14 in Axes
  9898 | D:10     | Got a twisted ring mail
  9925 | D:10     | Identified the +4 ring mail of the Dragon {MR+ Str+3} (You found it on level 10 of the Dungeon)
 10522 | D:10     | Reached XP level 12. HP: 116/116 MP: 11/13
 10869 | D:11     | Noticed Josephine
 10916 | D:11     | Noticed Harold
 10931 | D:11     | Killed Harold
 10936 | D:11     | Killed Josephine
 10936 | D:11     | Reached skill level 10 in Fighting
 10936 | D:11     | Reached skill level 15 in Axes
 10936 | D:11     | Reached skill level 10 in Shields
 11003 | D:11     | Noticed Snorg
 11008 | D:11     | Noticed a five-headed hydra
 11141 | D:11     | Killed a four-headed hydra
 11321 | D:11     | Found a staircase to the Orcish Mines.
 11323 | D:11     | Found Ubuzisoh's Armour Shoppe.
 11341 | D:11     | Killed Snorg
 12050 | D:12     | Reached skill level 10 in Armour
 12052 | D:12     | Reached XP level 13. HP: 120/125 MP: 14/14
 12228 | D:12     | Reached skill level 16 in Axes
 12242 | D:12     | Found Gerhul's Book Emporium.
 12806 | D:13     | Noticed Urug
 13287 | D:13     | Found a labyrinth entrance.
 13462 | D:13     | Reached skill level 5 in Dodging
 13741 | D:13     | Noticed a red very ugly thing
 13779 | D:13     | Killed a green very ugly thing
 13992 | D:13     | Killed Urug
 14061 | D:13     | Noticed a yaktaur captain
 14086 | D:13     | Killed a yaktaur captain
 14232 | D:14     | Reached XP level 14. HP: 137/137 MP: 15/15
 14787 | D:14     | Reached skill level 17 in Axes
 14872 | D:14     | Found a gate to the Vaults.
 14957 | D:14     | Noticed Roxanne
 15466 | D:15     | Entered Level 15 of the Dungeon
 15466 | D:15     | Found a staircase to the Depths.
 15466 | D:15     | Noticed a fire giant
 16106 | D:15     | Noticed Louise
 16149 | D:15     | Killed Louise
 16370 | D:15     | Killed a fire giant
 16464 | Depths:1 | Entered Level 1 of the Depths
 16465 | Depths:1 | Noticed a purple very ugly thing
 16468 | Depths:1 | Noticed a purple very ugly thing
 16468 | Depths:1 | Noticed a purple very ugly thing
 16470 | Depths:1 | Noticed a fire giant
 16488 | Depths:1 | Killed a brown very ugly thing
 16494 | Depths:1 | Killed a purple very ugly thing
 16501 | Depths:1 | Killed a fire giant
 16507 | Depths:1 | Killed a purple very ugly thing
 16620 | Depths:1 | Noticed a stone giant
 16649 | Depths:1 | Killed a stone giant
 16798 | Depths:1 | Noticed a stone giant
 16819 | Depths:1 | Reached XP level 15. HP: 149/149 MP: 13/16
 16819 | Depths:1 | Reached skill level 18 in Axes
 16910 | Depths:1 | Noticed a lich
 16913 | Depths:1 | Noticed a cacodemon
 16915 | Depths:1 | Lost mutation: You are robust. (+10% HP) [a cacodemon]
 16933 | Depths:1 | Gained mutation: You tend to lose your temper in combat. [a cacodemon]
 16934 | Depths:1 | Gained mutation: You are clumsy. (Dex -2) [a cacodemon]
 16938 | Depths:1 | Gained mutation: Armour fits poorly on your strangely shaped body. [a cacodemon]
 16952 | Depths:1 | Killed a lich
 17039 | Depths:1 | Found a gateway to Hell.
 17120 | Depths:1 | Reached ***** piety under Trog
 17456 | Depths:1 | Noticed a lich
 17457 | Depths:1 | Noticed a tengu reaver
 17471 | Depths:1 | Killed a lich
 17472 | Depths:1 | HP: 8/207 [tengu reaver/great mace of draining (6)]
 17473 | Depths:1 | Succumbed to a tengu reaver's poison gas

Skill      XL: |  1  2  3  4  5  6  7  8  9 10 11 12 13 14 15 |
---------------+----------------------------------------------+-----
Axes           | 3 5 6 8 10 12 13 14 15 16 17 18 | 18.4
Fighting       | 4 5 6 7 9 10 11 13 14 | 14.0
Armour         | 4 5 6 7 8 9 10 11 | 11.1
Shields        | 4 5 6 8 9 10 12 13 14 | 14.0
Dodging        | 1 2 3 5 6 7 |  7.1
Throwing       | 2 |  2.3
Stealth        | 2 3 |  3.7
Unarmed Combat | 2 |  2.5
Evocations     | 2 |  2.4

Action                   |  1- 3 |  4- 6 |  7- 9 | 10-12 | 13-15 || total
-------------------------+-------+-------+-------+-------+-------++-------
Melee: War axe           |    70 |   141 |   258 |   447 |   645 ||  1561
Invok: Berserk           |       |       |     1 |     3 |    16 ||    20
       Trog's Hand       |       |       |     1 |     3 |     1 ||     5
       Brothers in Arms  |       |       |       |     9 |     7 ||    16
       Burn Spellbooks   |       |       |       |     2 |     2 ||     4
Evoke: Fan of gales      |       |       |       |     1 |       ||     1
  Use: Scroll            |     7 |     8 |    12 |    11 |    10 ||    48
       Potion            |     1 |     3 |     4 |     2 |     4 ||    14
 Stab: Invisible         |       |       |       |     1 |       ||     1
       Petrified         |       |       |       |       |     4 ||     4
       Distracted        |       |       |       |       |     2 ||     2
  Eat: Ration            |     1 |     1 |     3 |     4 |     7 ||    16
       Chunk             |       |     4 |     1 |    10 |    16 ||    31
Armor: Scale mail        |    23 |    55 |    79 |    11 |       ||   168
       Plate armour      |       |       |       |    93 |       ||    93
       Ring mail         |       |       |       |    34 |   157 ||   191
Dodge: Dodged            |    19 |    31 |    90 |   132 |   211 ||   483
Block: Shield            |    39 |    93 |   120 |   329 |   298 ||   879
       Large shield      |       |       |       |       |   124 ||   124
